 Dungeon Crawl Stone Soup version 0.27.0-1-g7a089689b8 (webtiles) character file.

Game seed: 7810855883124228009

22 Thatpatchoflichen the Magician (level 2, -2/20 HPs)
             Began as a Gnoll Hedge Wizard on Aug 9, 2021.
             Slain by a kobold (4 damage)
             ... on level 2 of the Dungeon.
             The game lasted 00:03:42 (1303 turns).

Thatpatchoflichen the Magician (Gnoll Hedge Wizard) Turns: 1303, Time: 00:03:42

Health: -2/20      AC:  2    Str:  9    XL:     2   Next: 91%
Magic:  15/19      EV: 13    Int: 13    God:
Gold:   22         SH:  0    Dex: 11    Spells: 14/15 levels left

rFire    . . .     SeeInvis .   a - +0 dagger
rCold    . . .     Faith    .   (no shield)
rNeg     . . .     Spirit   .   b - +0 robe
rPois    .         Reflect  .   c - +0 hat
rElec    .         Harm     .   (no cloak)
rCorr    .         Rampage  .   (no gloves)
Will     .....                  (no boots)
Stlth    ++........             (no amulet)
HPRegen  0.06/turn              f - ring of magical power
MPRegen  0.16/turn              (no ring)

@: no status effects
A: fangs 1, strong nose, distributed training
a: no special abilities


You were on level 2 of the Dungeon.
You visited 1 branch of the dungeon, and saw 2 of its levels.

You collected 22 gold pieces.

Inventory:

Hand Weapons
 a - a +0 dagger (weapon)
 g - a +2 vorpal hunting sling
Missiles
 d - a throwing net
 h - 29 stones
 i - 21 sling bullets
Armour
 b - a +0 robe (worn)
 c - a +0 hat (worn)
 j - a +0 chain mail
Jewellery
 f - a ring of magical power (left hand)
Scrolls
 e - a scroll of identify {unknown}
Potions
 k - 2 potions of attraction {unknown}
 l - a potion of curing {unknown}
 m - a potion of haste {unknown}


   Skills:
 + Level 0.5 Fighting
 + Level 0.5 Short Blades
 + Level 0.5 Long Blades
 + Level 0.5 Axes
 + Level 0.5 Maces & Flails
 + Level 0.5 Polearms
 + Level 0.5 Staves
 + Level 0.5 Slings
 + Level 0.5 Bows
 + Level 0.5 Crossbows
 + Level 0.5 Throwing
 + Level 0.5 Armour
 + Level 4.5 Dodging
 + Level 4.1 Stealth
 + Level 0.5 Shields
 + Level 0.5 Unarmed Combat
 + Level 7.1 Spellcasting
 + Level 2.0 Conjurations
 + Level 0.4 Hexes
 + Level 2.0 Summonings
 + Level 0.4 Necromancy
 + Level 2.0 Translocations
 + Level 0.4 Transmutations
 + Level 0.4 Fire Magic
 + Level 0.4 Ice Magic
 + Level 0.4 Air Magic
 + Level 0.4 Earth Magic
 + Level 0.4 Poison Magic
 + Level 0.7 Invocations
 + Level 0.5 Evocations


You had 14 spell levels left.
You knew the following spells:

 Your Spells              Type           Power      Damage    Failure   Level
a - Magic Dart            Conj           40%        1d5       6%          1

Your spell library contained the following spells:

 Spells                   Type           Power      Damage    Failure   Level
 Blink                    Tloc           N/A        N/A       10%         2
 Call Imp                 Summ           10%        N/A       10%         2
 Slow                     Hex            5%         N/A       19%         2
 Conjure Flame            Conj/Fire      7%         6-21      26%         3
 Mephitic Cloud           Conj/Pois/Air  7%         N/A       30%         3
 Borgnjor's Revivificati  Necr           2%         N/A       100%        8
 Necromutation            Tmut/Necr      2%         N/A       100%        8
 Death's Door             Necr           2%         N/A       100%        9


Dungeon Overview and Level Annotations

Branches:
Dungeon (2/15)

Altars:

Shops:
D:1 :

Annotations:
D:2 Terence


Innate Abilities, Weirdness & Mutations

You have very sharp teeth.
Your uncanny sense of smell can sniff out nearby items.
Your experience applies equally to all skills.


Message History

The bat hits you but does no damage.
Aiming: Magic Dart (safe; 6% risk of failure)
Press: ? - help, Q - select action, (/) - cycle Shift-Dir - straight line, f/p - Terence
Aim: Terence, wielding a +0 hand axe and wearing a +0 scale mail (heavily wounded, 100% to hit)
The magic dart hits Terence but does no damage.
Terence is heavily wounded.
The bat hits you but does no damage.
Aiming: Magic Dart (safe; 6% risk of failure)
Press: ? - help, Q - select action, (/) - cycle Shift-Dir - straight line, f/p - Terence
Aim: Terence, wielding a +0 hand axe and wearing a +0 scale mail (heavily wounded, 100% to hit)
The magic dart hits Terence but does no damage.
Terence is heavily wounded.
The bat barely misses you.
Aiming: Magic Dart (safe; 6% risk of failure)
Press: ? - help, Q - select action, (/) - cycle Shift-Dir - straight line, f/p - Terence
Aim: Terence, wielding a +0 hand axe and wearing a +0 scale mail (heavily wounded, 100% to hit)
The magic dart hits Terence.
Terence is heavily wounded.
Terence hits you with a +0 hand axe! The bat hits you but does no damage. x2
Terence hits you with a +0 hand axe.
* * * LOW HITPOINT WARNING * * *
The bat misses you. The bat barely misses you. The bat closely misses you.
The bat barely misses you. Terence barely misses you.
Aiming: Magic Dart (safe; 6% risk of failure)
Press: ? - help, Q - select action, (/) - cycle Shift-Dir - straight line, f/p - Terence
Aim: Terence, wielding a +0 hand axe and wearing a +0 scale mail (heavily wounded, 100% to hit)
The magic dart hits Terence.
Terence is severely wounded.
Terence says, "Time to say good-bye..."
Terence hits you with a +0 hand axe.
* * * LOW HITPOINT WARNING * * *
A kobold comes into view. It is wielding a +0 short sword.
Found a spear.
A rat comes into view.
The bat closely misses you. The bat barely misses you.
The kobold hits you with a +0 short sword.
You die...

#.# #....
#.......##.#......
........+.<†h.....
#.......#####.....
+.......# ...
#.).....# .
#...r...# ∆
#.......#
#@......#
#bK.....# ∆
#.......#
+@......#
#.......#
#........
#.####### #.# #.#


You could see Terence, a bat, a kobold and a rat.

Vanquished Creatures
  2 ball pythons
  3 bats
  3 endoplasms (D:2)
  A giant cockroach (D:1)
  2 goblins
  2 hobgoblins
  2 jackals (D:2)
  2 frilled lizards
  A kobold (D:1)
  A rat (D:2)
19 creatures vanquished.

Notes
Turn   | Place    | Note
-------+----------+-------------------------------------------
     0 | D:1      | Thatpatchoflichen the Gnoll Hedge Wizard began the quest
                  | for the Orb.
     0 | D:1      | Reached XP level 1. HP: 13/13 MP: 8/8
    36 | D:1      | Found a faded altar of an unknown god.
   262 | D:1      | Reached XP level 2. HP: 19/19 MP: 7/10
   583 | D:1      | Found Xyugheb's Book Emporium.
  1275 | D:2      | Noticed Terence
  1295 | D:2      | HP: 1/20 [Terence (5)]
  1303 | D:2      | Slain by a kobold

Illustrated notes

Levels and vault maps discovered:
D:1:      wander_arrival_peaceful_grave, layout_loops_ring,
          chequers_ecumenical_altar_simple_redux, serial_shops, shop_fountains,
          chequers_jeans
D:2:      layout_basic, basic_altar, solitary_fountain, uniq_terence

Skill      XL: |  1 |
---------------+----+-----
Conjurations   | 2 |  2.0
Summonings     | 2 |  2.0
Translocations | 2 |  2.0
Fighting       | |  0.5
Short Blades   | |  0.5
Long Blades    | |  0.5
Axes           | |  0.5
Maces & Flails | |  0.5
Polearms       | |  0.5
Staves         | |  0.5
Slings         | |  0.5
Bows           | |  0.5
Crossbows      | |  0.5
Throwing       | |  0.5
Armour         | |  0.5
Dodging        | |  4.5
Stealth        | |  4.1
Shields        | |  0.5
Unarmed Combat | |  0.5
Spellcasting   | |  7.1
Hexes          | |  0.4
Necromancy     | |  0.4
Transmutations | |  0.4
Fire Magic     | |  0.4
Ice Magic      | |  0.4
Air Magic      | |  0.4
Earth Magic    | |  0.4
Poison Magic   | |  0.4
Invocations    | |  0.7
Evocations     | |  0.5

Action                   || total
-------------------------++-------
 Cast: Magic Dart        ||    50
Armor: Robe              ||     8
Dodge: Dodged            ||    11
